[Event "Titled Tuesday Blitz September 28 2021"]
[White "Sihite, Chelsie Monica Ignesias"]
[Black "Lovkov, Roman"]
[WhiteFideId "7101198"]
[BlackFideId "4157389"]
[WhiteElo "2224"]
[BlackElo "2371"]
[Result "0-1"]
[Round "01"]
[TimeControl "180+1"]
[Date "2021.09.28"]
[WhiteClock "0:00:18"]
[BlackClock "0:00:29"]

1. d4 Nf6 2. Nf3 g6 3. e3 Bg7 4. Be2 O-O 5. O-O d5 6. c4 c5 7. cxd5 cxd4 8. exd4 Nxd5 9. Nc3 Nc6 10. Be3 Be6 11. a3 Rc8 12. Rc1 Nxc3 13. Rxc3 Bd5 14. Qa4 a6 15. Rd1 Qd6 16. g3 Rfd8 17. Bf4 Qd7 18. Be3 Qf5 19. Ne1 Qe4 20. Bf3 Qe6 21. Bxd5 Rxd5 22. Nd3 Qg4 23. Nf4 Rdd8 24. Rcd3 h5 25. Kg2 h4 26. h3 Qf5 27. g4 Qd7 28. Qb3 b5 29. Nxg6 Na5 30. Qa2 Qc6+ 31. d5 Qxg6 32. Bb6 Nc4 33. Bxd8 Rxd8 34. b3 Ne5 35. Re3 f5 36. f3 fxg4 37. fxg4 Nxg4 38. Re6 Nf6+ 39. Kh1 Qf5 40. Qe2 Qxh3+ 41. Kg1 Qg3+ 42. Kh1 Rxd5 43. Rxd5 Nxd5 44. Rxa6 Nf4 45. Ra8+ Bf8 46. Qf1 h3 47. Qg1 Qg2+ 48. Qxg2+ hxg2+ 49. Kg1 Kf7 50. a4 bxa4 51. bxa4 e5 52. Rc8 Bb4 53. Rc7+ Ke6 54. Rc6+ Kd5 55. Rc2 Bc5+ 56. Rxc5+ Kxc5 0-1


[Site "https://www.chess.com"]

[Event "Titled Tuesday Blitz September 28 2021"]
[White "Sinitsina, Anastassia"]
[Black "Sethuraman, S.P."]
[WhiteFideId "4504640"]
[BlackFideId "5021596"]
[WhiteElo "2161"]
[BlackElo "2477"]
[Result "0-1"]
[Round "01"]
[TimeControl "180+1"]
[Date "2021.09.28"]
[WhiteClock "0:01:07"]
[BlackClock "0:02:07"]

1. Nf3 d5 2. g3 c5 3. Bg2 Nc6 4. O-O e5 5. d3 Nf6 6. Na3 Be7 7. e4 d4 8. Nc4 Bg4 9. a4 Nd7 10. h3 Bh5 11. Qe2 f6 12. Re1 O-O 13. g4 Bf7 14. Nh4 Re8 15. Nf5 Nf8 16. b3 Ne6 17. h4 Bf8 18. h5 b6 19. Kh2 Rb8 20. Rh1 a6 21. Kg1 b5 22. axb5 axb5 23. Na3 Ra8 24. Bb2 Qb6 25. Kh2 Ra7 26. Kg3 Rea8 27. Qd2 c4 28. Nxb5 Qxb5 29. dxc4 Qb8 30. Rxa7 Rxa7 0-1


[Site "https://www.chess.com"]

[Event "Titled Tuesday Blitz September 28 2021"]
[White "Siva Mahadevan"]
[Black "Yirik, Volkan"]
[WhiteFideId "25043153"]
[BlackFideId "6300782"]
[WhiteElo "2203"]
[BlackElo "2418"]
[Result "1-0"]
[Round "01"]
[TimeControl "180+1"]
[Date "2021.09.28"]
[WhiteClock "0:02:41"]
[BlackClock "0:02:50"]

1. e4 c5 2. Nf3 d6 3. d4 cxd4 4. Nxd4 Nf6 5. Nc3 e6 6. Be2 a6 7. O-O Qc7 8. Be3 b5 9. a4 b4 10. Na2 Nxe4 11. Nxb4 d5 12. Nd3 Bd6 13. f4 O-O 14. Bf3 Bb7 15. Qe1 Nd7 16. Qh4 Be7 17. Qxe7 1-0


[Site "https://www.chess.com"]

[Event "Titled Tuesday Blitz September 28 2021"]
[White "Sjugirov, Sanan"]
[Black "Devaev, Alexander"]
[WhiteFideId "4189302"]
[BlackFideId "4169395"]
[WhiteElo "2654"]
[BlackElo "2185"]
[Result "1-0"]
[Round "01"]
[TimeControl "180+1"]
[Date "2021.09.28"]
[WhiteClock "0:00:14"]
[BlackClock "0:00:16"]

1. e4 c6 2. Qe2 d5 3. Qe3 dxe4 4. Ne2 Nf6 5. Nbc3 Qb6 6. Nxe4 Nxe4 7. Qxe4 Nd7 8. Nc3 Nf6 9. Qh4 Bf5 10. d3 e6 11. Qg3 Nh5 12. Qh4 Nf6 13. Be2 Be7 14. Qg3 O-O 15. h4 Kh8 16. h5 h6 17. Qe5 Rad8 18. Qf4 Rd4 19. Qe3 Rfd8 20. O-O Ng4 21. Bxg4 Bxg4 22. Qe5 Bf6 23. Qh2 Qa5 24. Ne4 Qxh5 25. Qxh5 Bxh5 26. Nxf6 gxf6 27. Bxh6 Kh7 28. Be3 Ra4 29. b3 Bg6 30. bxa4 1-0


[Site "https://www.chess.com"]

[Event "Titled Tuesday Blitz September 28 2021"]
[White "Sliwicki, Damian"]
[Black "Aitbayev, Aslan"]
[WhiteFideId "1127128"]
[BlackFideId "13704613"]
[WhiteElo "2151"]
[BlackElo "2417"]
[Result "0-1"]
[Round "01"]
[TimeControl "180+1"]
[Date "2021.09.28"]
[WhiteClock "0:00:02"]
[BlackClock "0:00:21"]

1. e4 e6 2. d4 d5 3. Nc3 Bb4 4. Qd3 Ne7 5. e5 c5 6. Bd2 O-O 7. O-O-O Nbc6 8. Nf3 cxd4 9. Nxd4 Nxe5 10. Qg3 N5c6 11. Nxc6 bxc6 12. Bd3 Bd6 13. Bf4 Bxf4+ 14. Qxf4 Ng6 15. Qg3 Qf6 16. Kb1 c5 17. h4 Nf4 18. h5 Rb8 19. Rh4 e5 20. Bf1 Be6 21. Ne2 Nxe2 22. Bxe2 e4 23. c3 d4 24. cxd4 cxd4 25. Bg4 d3 26. Rd2 Qg5 27. Rd1 Qb5 28. Rd2 Qa5 29. Bxe6 Qxd2 30. Bb3 Qe1+ 0-1


[Site "https://www.chess.com"]

[Event "Titled Tuesday Blitz September 28 2021"]
[White "Spitzl, Vinzent"]
[Black "Kamsky, Gata"]
[WhiteFideId "12901253"]
[BlackFideId "2000024"]
[WhiteElo "2160"]
[BlackElo "2603"]
[Result "0-1"]
[Round "01"]
[TimeControl "180+1"]
[Date "2021.09.28"]
[WhiteClock "0:00:09"]
[BlackClock "0:00:20"]

1. e4 c5 2. Nf3 e6 3. d4 cxd4 4. Nxd4 a6 5. Bd3 g6 6. O-O Bg7 7. Be3 Nf6 8. c4 d6 9. Nc3 Nbd7 10. Qe2 b6 11. Rad1 Bb7 12. f3 O-O 13. Bb1 Qc7 14. Rc1 Rac8 15. b3 Rfe8 16. Rfd1 Qb8 17. Qf2 d5 18. cxd5 exd5 19. exd5 Rxc3 20. Rxc3 Nxd5 21. Rcd3 Nc5 22. Bc1 Nxd3 23. Rxd3 Be5 24. g3 Bg7 25. Bb2 b5 26. Rd1 b4 27. Bd3 Nc3 28. Rd2 Rd8 29. Ne2 h5 30. Qe3 Re8 31. Qf2 Qa8 32. Kg2 a5 33. Nd4 Rd8 34. Nb5 Rxd3 35. Rxd3 Nxb5 36. Bxg7 Kxg7 37. Qb6 Qa6 38. Qxa6 Bxa6 39. Rd8 Bb7 40. Rb8 Bc6 41. Rb6 Bd7 42. Ra6 Nd4 43. Rxa5 Bc6 44. Kf2 Nxf3 45. Rc5 Ba8 46. Rc8 Bd5 47. Rc5 Be4 48. Rc4 f5 49. Rxb4 Nxh2 50. a4 Ng4+ 51. Ke2 g5 52. a5 h4 53. gxh4 gxh4 54. Rxe4 fxe4 55. a6 h3 56. Kf1 Ne3+ 57. Kg1 Nd5 58. a7 Nb6 59. Kh2 e3 60. Kg3 e2 61. Kf2 h2 62. Kxe2 h1=Q 0-1


[Site "https://www.chess.com"]

[Event "Titled Tuesday Blitz September 28 2021"]
[White "Stribuk, Artiom"]
[Black "Nilsen, Tobias Lang"]
[WhiteFideId "13515659"]
[BlackFideId "1521624"]
[WhiteElo "2224"]
[BlackElo "1975"]
[Result "1-0"]
[Round "01"]
[TimeControl "180+1"]
[Date "2021.09.28"]
[WhiteClock "0:00:11"]
[BlackClock "0:00:52"]

1. d4 Nf6 2. c4 c5 3. Nf3 cxd4 4. Nxd4 e5 5. Nf3 Nc6 6. e3 d5 7. cxd5 Nxd5 8. Be2 Be6 9. O-O Be7 10. Bd2 O-O 11. Nc3 Rc8 12. Rc1 Nxc3 13. Bxc3 f6 14. Qa4 Kh8 15. Rfd1 Qb6 16. h3 Rfd8 17. Nd2 Qc7 18. Bc4 Bxc4 19. Nxc4 Rxd1+ 20. Qxd1 Rd8 21. Qb3 Qd7 22. Na5 Nxa5 23. Bxa5 Rc8 24. Rxc8+ Qxc8 25. Qf7 Qf8 26. Qe6 h6 27. Qd7 Bb4 28. Bc7 Qe7 29. Qc8+ Kh7 30. Qxb7 Bd6 31. Qe4+ Kh8 32. Bxd6 Qxd6 33. Qa8+ Kh7 34. Qxa7 Qd1+ 35. Kh2 Qe2 36. f3 Qxb2 37. a4 f5 38. a5 f4 39. exf4 exf4 40. Qc7 Qf6 41. Qb6 Qg5 42. a6 Qg3+ 43. Kh1 Qe1+ 44. Qg1 Qa5 45. a7 Kg6 46. Kh2 h5 47. Qd4 Kg5 48. Qxg7+ Kf5 49. Qf8+ 1-0


[Site "https://www.chess.com"]

[Event "Titled Tuesday Blitz September 28 2021"]
[White "Suvorov, Luca"]
[Black "Vogel, Roven"]
[WhiteFideId "12977071"]
[BlackFideId "12908088"]
[WhiteElo "2127"]
[BlackElo "2516"]
[Result "0-1"]
[Round "01"]
[TimeControl "180+1"]
[Date "2021.09.28"]
[WhiteClock "0:00:02"]
[BlackClock "0:00:20"]

1. d4 d5 2. c4 e6 3. Nc3 a6 4. cxd5 exd5 5. Bf4 Nf6 6. e3 c5 7. Nf3 c4 8. Be2 b5 9. O-O Be7 10. Ne5 O-O 11. h3 Bb7 12. a3 Ne4 13. Qc2 f6 14. Nf3 Nxc3 15. bxc3 Bd6 16. g3 Nc6 17. Nd2 f5 18. Bf3 Kh8 19. Rfb1 g5 20. Bxd6 Qxd6 21. a4 f4 22. exf4 gxf4 23. g4 b4 24. cxb4 Nxd4 25. Qc3 Qf6 26. Kf1 Rad8 27. Rd1 Ba8 28. b5 a5 29. Rab1 Kg8 30. Qa1 Kg7 31. b6 Bb7 32. Qc3 h5 33. Kg2 Nxf3 34. Qxf6+ Kxf6 35. Nxf3 hxg4 36. Nd4 gxh3+ 37. Kxh3 Rg8 38. Rg1 Ke5 39. Nf3+ Ke4 40. Ng5+ Kf5 41. Nf3 Rh8+ 42. Kg2 d4 43. Rh1 0-1


[Site "https://www.chess.com"]

[Event "Titled Tuesday Blitz September 28 2021"]
[White "Sychev, Klementy"]
[Black "Chernov, Mikhail"]
[WhiteFideId "4114060"]
[BlackFideId "24143170"]
[WhiteElo "2615"]
[BlackElo "2244"]
[Result "1-0"]
[Round "01"]
[TimeControl "180+1"]
[Date "2021.09.28"]
[WhiteClock "0:00:35"]
[BlackClock "0:00:01"]

1. e4 c5 2. Nf3 Nc6 3. g3 g6 4. Bg2 Bg7 5. O-O e5 6. a3 Nge7 7. b4 cxb4 8. axb4 O-O 9. b5 Nd4 10. Nc3 d6 11. Ba3 a6 12. Bb4 Bg4 13. h3 Nxf3+ 14. Bxf3 Bxh3 15. Re1 axb5 16. Rxa8 Qxa8 17. Bxd6 Re8 18. Nxb5 Nc6 19. Nc7 Qc8 20. Nxe8 Qxe8 21. c3 b5 22. Qb3 h5 23. Qxb5 h4 24. Ra1 hxg3 25. fxg3 Bd7 26. Qd5 Qd8 27. Kf2 Qg5 28. Ra8+ Kh7 29. Bc5 Be6 30. Be3 Bxd5 31. Bxg5 1-0


[Site "https://www.chess.com"]

[Event "Titled Tuesday Blitz September 28 2021"]
[White "Tang, Andrew"]
[Black "Veiga, Emerson de Sousa"]
[WhiteFideId "2059630"]
[BlackFideId "2151898"]
[WhiteElo "2588"]
[BlackElo "2034"]
[Result "1-0"]
[Round "01"]
[TimeControl "180+1"]
[Date "2021.09.28"]
[WhiteClock "0:00:29"]
[BlackClock "0:00:09"]

1. Nh3 d5 2. g3 c5 3. d4 Nc6 4. dxc5 Nf6 5. Bg2 h6 6. Nf4 e6 7. Be3 Qa5+ 8. c3 Be7 9. b4 Qc7 10. O-O O-O 11. h3 a5 12. Qb3 axb4 13. cxb4 d4 14. Bd2 e5 15. Nd3 Be6 16. Qb2 g5 17. b5 Na5 18. b6 Qb8 19. Bxa5 Rxa5 20. Qb4 Ra6 21. Nd2 Nd7 22. Qb5 f5 23. Nb4 Ra3 24. Nc4 Rc3 25. Nd5 Bxd5 26. Bxd5+ Kg7 27. Qxd7 1-0


[Site "https://www.chess.com"]

[Event "Titled Tuesday Blitz September 28 2021"]
[White "Timmermans, Mark"]
[Black "Colbow, Collin"]
[WhiteFideId "1026399"]
[BlackFideId "16201132"]
[WhiteElo "2460"]
[BlackElo "2137"]
[Result "1-0"]
[Round "01"]
[TimeControl "180+1"]
[Date "2021.09.28"]
[WhiteClock "0:00:48"]
[BlackClock "0:00:12"]

1. b4 e6 2. Bb2 Nf6 3. b5 a6 4. a4 axb5 5. axb5 Rxa1 6. Bxa1 Be7 7. c4 d5 8. e3 dxc4 9. Bxc4 O-O 10. Nf3 c6 11. O-O cxb5 12. Bxb5 Bd7 13. Nc3 Bxb5 14. Nxb5 Qa5 15. Qb3 Nbd7 16. Bc3 Qb6 17. Rb1 Ne4 18. Bd4 Bc5 19. d3 Bxd4 20. Nbxd4 Qxb3 21. Nxb3 Nd6 22. d4 Rc8 23. h3 f6 24. Ne1 Rc3 25. Kf1 Kf7 26. Ke2 b5 27. Nd2 Nb6 28. Nd3 Nbc4 29. Nb3 Na3 30. Rb2 Ndc4 31. Ra2 Rxb3 32. g4 g5 33. e4 Nb1 34. Ra7+ Kg6 35. Nc5 Rb2+ 36. Kf3 Nbd2+ 37. Kg2 Nd6 38. Nxe6 N2xe4 39. Nf8+ Kh6 40. Rxh7# 1-0


[Site "https://www.chess.com"]

[Event "Titled Tuesday Blitz September 28 2021"]
[White "Timofeev, Artyom"]
[Black "Dzhaparov, Medet"]
[WhiteFideId "4140419"]
[BlackFideId "13803689"]
[WhiteElo "2591"]
[BlackElo "1702"]
[Result "1-0"]
[Round "01"]
[TimeControl "180+1"]
[Date "2021.09.28"]
[WhiteClock "0:02:32"]
[BlackClock "0:00:46"]

1. c4 Nf6 2. Nc3 d5 3. d4 g6 4. Bf4 Bg7 5. e3 O-O 6. Rc1 c6 7. Nf3 dxc4 8. Bxc4 Nbd7 9. O-O Nb6 10. Bb3 Bf5 11. h3 a5 12. a3 Ne4 13. Qe2 a4 14. Ba2 Nxc3 15. bxc3 Qc8 16. e4 Be6 17. c4 f6 18. c5 1-0


[Site "https://www.chess.com"]

[Event "Titled Tuesday Blitz September 28 2021"]
[White "Topalov, Aleksandar"]
[Black "Shkapenko, Pavel"]
[WhiteFideId "925659"]
[BlackFideId "4151933"]
[WhiteElo "2179"]
[BlackElo "2386"]
[Result "0-1"]
[Round "01"]
[TimeControl "180+1"]
[Date "2021.09.28"]
[WhiteClock "0:00:15"]
[BlackClock "0:00:28"]

1. b3 d5 2. Bb2 c6 3. Nf3 Bg4 4. g3 Nd7 5. Bg2 Ngf6 6. O-O e6 7. d4 Be7 8. Nbd2 O-O 9. c4 a5 10. a3 h6 11. h3 Bf5 12. Rc1 Ne4 13. Nxe4 Bxe4 14. Nd2 Bxg2 15. Kxg2 Nf6 16. Qc2 Re8 17. e4 Nxe4 18. Nxe4 dxe4 19. Qxe4 Bf6 20. Rfd1 Qb6 21. Qf3 Rad8 22. Qe3 Rd7 23. Rc2 Red8 24. Rcd2 Bg5 25. f4 Bf6 26. h4 Qa6 27. Kh2 a4 28. Qc3 c5 29. Qf3 axb3 30. Qxb3 Bxd4 31. Kh3 e5 32. fxe5 Qe6+ 33. Kg2 Qxe5 34. Qf3 Qe6 35. Bxd4 cxd4 36. Qb3 d3 37. Kf2 Qf5+ 38. Kg2 Qe4+ 39. Kf2 Rd6 40. Kg1 Qe3+ 41. Kg2 Rg6 42. Rxd3 Rxg3+ 43. Kh2 Qf2+ 44. Kh1 Qg2# 0-1


[Site "https://www.chess.com"]

[Event "Titled Tuesday Blitz September 28 2021"]
[White "Tristan, Leonardo"]
[Black "Okike, David"]
[WhiteFideId "113816"]
[BlackFideId "8500134"]
[WhiteElo "2404"]
[BlackElo "2232"]
[Result "1-0"]
[Round "01"]
[TimeControl "180+1"]
[Date "2021.09.28"]
[WhiteClock "0:01:17"]
[BlackClock "0:02:14"]

1. d4 Nf6 2. Nf3 e6 3. Bf4 c5 4. c3 d5 5. e3 Bd6 6. Bb5+ Nc6 7. Bg3 Qc7 8. dxc5 Bxg3 9. hxg3 Bd7 10. Nbd2 Qa5 11. a4 a6 12. b4 Qc7 13. Bd3 Ne5 14. Nxe5 Qxe5 15. Qc2 a5 16. b5 Qc7 17. Nb3 h6 18. c4 e5 19. O-O O-O 20. Rfd1 e4 21. Be2 Be6 22. Rac1 Rac8 23. Qc3 b6 24. cxb6 Qxb6 25. c5 Qa7 26. b6 Qa8 27. Nxa5 1-0


[Site "https://www.chess.com"]

[Event "Titled Tuesday Blitz September 28 2021"]
[White "Tsydypov, Zhamsaran"]
[Black "Pastar, Slaven"]
[WhiteFideId "4108566"]
[BlackFideId "14402718"]
[WhiteElo "2649"]
[BlackElo "2150"]
[Result "1/2-1/2"]
[Round "01"]
[TimeControl "180+1"]
[Date "2021.09.28"]
[WhiteClock "0:00:29"]
[BlackClock "0:00:05"]

1. e4 b6 2. d4 Bb7 3. Bd3 Nf6 4. Qe2 e6 5. Nf3 d5 6. e5 Ne4 7. O-O c5 8. c4 Be7 9. cxd5 exd5 10. Nc3 Nxc3 11. bxc3 O-O 12. h4 h6 13. e6 Nc6 14. exf7+ Rxf7 15. Bg6 Rf6 16. h5 Bd6 17. Rb1 Qe7 18. Qxe7 Nxe7 19. Bd3 c4 20. Bc2 Raf8 21. Ne5 Bc8 22. f4 Nf5 23. g4 Ng3 24. Rf2 Re8 25. Bd2 Rff8 26. Kg2 Ne4 27. Bxe4 dxe4 28. Nxc4 Bc7 29. f5 Ba6 30. Ne3 Bd3 31. Re1 Bd6 32. Nd5 Rc8 33. Bf4 Bxf4 34. Rxf4 Kf7 35. Rc1 Rfd8 36. Ne3 Rxd4 37. Rf2 Rd7 38. Kg3 Rdc7 39. c4 Bxc4 40. Rfc2 b5 41. Kf4 Re7 42. Rd2 a5 43. a4 Rec7 44. axb5 Bxb5 45. Ra1 a4 46. Rd5 Be8 47. Rd4 Re7 48. Nc4 Kf8 49. Ne5 Ra8 50. Ra3 Rb7 51. Rxe4 Rb3 52. Re3 Rxe3 53. Kxe3 Rb8 54. Kd4 Rb3 55. Rxb3 axb3 56. Kc3 Bf7 57. Nc6 Bg8 58. Kb2 Kf7 59. Kxb3 Kf6+ 60. Kc3 Kg5 61. Ne5 Kf4 62. Kd4 Ba2 63. Nd7 Kxg4 64. f6 gxf6 65. Nxf6+ Kg5 66. Ke5 Bb3 67. Ne4+ Kxh5 68. Kf4 Kg6 69. Ng3 h5 70. Nxh5 1/2-1/2


[Site "https://www.chess.com"]

[Event "Titled Tuesday Blitz September 28 2021"]
[White "Urazayev, Arystanbek"]
[Black "Dmitrenko, Viktor"]
[WhiteFideId "13709810"]
[BlackFideId "14110270"]
[WhiteElo "2321"]
[BlackElo "2294"]
[Result "1-0"]
[Round "01"]
[TimeControl "180+1"]
[Date "2021.09.28"]
[WhiteClock "0:01:59"]
[BlackClock "0:00:35"]

1. e4 c6 2. d4 d5 3. Nd2 a6 4. c3 h6 5. Bd3 dxe4 6. Nxe4 Bf5 7. Nf3 e6 8. O-O Nd7 9. Re1 Bxe4 10. Bxe4 Ngf6 11. Bc2 Be7 12. Bf4 O-O 13. Qd3 c5 14. Rad1 cxd4 15. Nxd4 Nc5 16. Qh3 Qb6 17. b4 Ncd7 18. Nxe6 fxe6 19. Rxe6 Qd8 20. Bxh6 Qe8 21. Bb3 Rf7 22. Rde1 Qf8 23. Rxe7 gxh6 24. Rxf7 Qxf7 25. Bxf7+ Kxf7 26. Qe6+ Kg7 27. h3 Rc8 28. Re3 Rc6 29. Qe7+ 1-0


[Site "https://www.chess.com"]

[Event "Titled Tuesday Blitz September 28 2021"]
[White "Vakhlamov, Igor L."]
[Black "Terletsky, Oleg"]
[WhiteFideId "24126748"]
[BlackFideId "14116774"]
[WhiteElo "2416"]
[BlackElo "2086"]
[Result "1-0"]
[Round "01"]
[TimeControl "180+1"]
[Date "2021.09.28"]
[WhiteClock "0:01:43"]
[BlackClock "0:00:16"]

1. e4 e5 2. Nf3 Nc6 3. Nc3 Nf6 4. Bb5 Bb4 5. O-O O-O 6. d3 d6 7. Bg5 Bxc3 8. bxc3 Qe7 9. Re1 Nd8 10. d4 Ne6 11. Bd2 c5 12. dxe5 dxe5 13. Bc4 Nc7 14. Rb1 b6 15. Nh4 Bg4 16. Qc1 Nh5 17. Nf5 Bxf5 18. exf5 Rad8 19. Bg5 Nf6 20. Qe3 Rfe8 21. Qg3 Ncd5 22. Bb5 Rf8 23. Rxe5 Qd6 24. Bc4 Kh8 25. Bxd5 Nxd5 26. Bxd8 Qxd8 27. Rd1 1-0


[Site "https://www.chess.com"]

[Event "Titled Tuesday Blitz September 28 2021"]
[White "Visakh N R"]
[Black "Damjanovic, Vladimir"]
[WhiteFideId "25012223"]
[BlackFideId "903795"]
[WhiteElo "2454"]
[BlackElo "2374"]
[Result "1-0"]
[Round "01"]
[TimeControl "180+1"]
[Date "2021.09.28"]
[WhiteClock "0:00:27"]
[BlackClock "0:00:01"]

1. d4 Nf6 2. c4 e6 3. Nc3 d5 4. Nf3 c6 5. Bg5 h6 6. Bxf6 Qxf6 7. e3 Nd7 8. Be2 Bd6 9. O-O Qe7 10. e4 dxe4 11. Nxe4 Bc7 12. Bd3 O-O 13. Re1 Nf6 14. Nxf6+ Qxf6 15. Qe2 Rd8 16. Rad1 Bd7 17. Qe4 g6 18. Qe3 Qf4 19. Qe2 c5 20. Be4 cxd4 21. Bxb7 Rab8 22. Rxd4 Qf6 23. Be4 Bb6 24. Rd3 Ba5 25. Rb1 Qg7 26. b3 f5 27. Bc6 Bxc6 28. Rxd8+ Rxd8 29. Qxe6+ Kh7 30. Qxc6 Qb2 31. Qb7+ Kg8 32. Rf1 Bb6 33. h4 Qf6 34. b4 g5 35. c5 g4 36. cxb6 axb6 37. Nh2 Qxh4 38. Qxb6 Qg5 39. Qe3 Qf6 40. Re1 Kf7 41. Nf1 h5 42. Ng3 f4 43. Qb3+ Kf8 44. Nxh5 Qh4 45. Nxf4 g3 46. Ng6+ 1-0


[Site "https://www.chess.com"]

[Event "Titled Tuesday Blitz September 28 2021"]
[White "Vrencian, Lehel"]
[Black "Matinian, Nikita"]
[WhiteFideId "1230999"]
[BlackFideId "24129100"]
[WhiteElo "2058"]
[BlackElo "2464"]
[Result "1-0"]
[Round "01"]
[TimeControl "180+1"]
[Date "2021.09.28"]
[WhiteClock "0:00:53"]
[BlackClock "0:00:31"]

1. e4 c5 2. Nf3 d6 3. d4 cxd4 4. Nxd4 Nf6 5. Nc3 g6 6. Be3 Nc6 7. f3 h5 8. Bc4 Nxd4 9. Qxd4 Bg7 10. O-O-O Be6 11. Bxe6 fxe6 12. Qd3 Kf7 13. Kb1 Qa5 14. h3 h4 15. f4 Rh5 16. Bd2 Rc8 17. e5 dxe5 18. Ne4 Qd5 19. Ng5+ Kg8 20. Qxg6 e4 21. Bc3 Rxg5 22. fxg5 Qf5 23. Qxf5 exf5 24. gxf6 exf6 25. Rd7 b5 26. Rhd1 f4 27. Rd8+ Rxd8 28. Rxd8+ Kf7 29. Rd4 1-0


[Site "https://www.chess.com"]

[Event "Titled Tuesday Blitz September 28 2021"]
[White "Vusatiuk, Vladimir"]
[Black "Vokhidov, Shamsiddin"]
[WhiteFideId "14118610"]
[BlackFideId "14204223"]
[WhiteElo "2167"]
[BlackElo "2616"]
[Result "0-1"]
[Round "01"]
[TimeControl "180+1"]
[Date "2021.09.28"]
[WhiteClock "0:02:24"]
[BlackClock "0:02:45"]

1. d4 Nf6 2. c4 e6 3. Nc3 Bb4 4. e3 O-O 5. Bd3 b6 6. Nf3 c5 7. O-O Bb7 8. Na4 cxd4 9. exd4 Be7 10. a3 d6 11. b4 Nbd7 12. Bb2 Rc8 13. Qe2 Re8 14. Rac1 Nf8 15. Rfd1 Ng6 16. g3 Rc7 17. Nc3 Qa8 18. Ne4 Bxe4 19. Bxe4 Qxe4 0-1


[Site "https://www.chess.com"]

[Event "Titled Tuesday Blitz September 28 2021"]
[White "Wagner, Dennis"]
[Black "Reprintsev, Alexander"]
[WhiteFideId "24650684"]
[BlackFideId "14100541"]
[WhiteElo "2355"]
[BlackElo "2126"]
[Result "1/2-1/2"]
[Round "01"]
[TimeControl "180+1"]
[Date "2021.09.28"]
[WhiteClock "0:00:08"]
[BlackClock "0:01:03"]

1. e4 d5 2. exd5 Qxd5 3. Nc3 Qa5 4. d4 Nf6 5. Nf3 Nc6 6. Bb5 Ne4 7. Bd2 Nxc3 8. Bxc6+ bxc6 9. Bxc3 Qd5 10. O-O Bg4 11. Re1 Bxf3 12. Qxf3 Qxf3 13. gxf3 e6 14. Re5 Kd7 15. Ra5 a6 16. Kg2 Bd6 17. Re1 Rhb8 18. b3 Rb5 19. Ra4 Rg5+ 20. Kf1 Rh5 21. Re4 Rxh2 22. Rg4 g6 23. Rg5 f5 24. Kg1 Rh4 25. Rg2 c5 26. Kf1 cxd4 27. Rxd4 Rxd4 28. Bxd4 c5 29. Be3 c4 30. Ke2 cxb3 31. axb3 a5 32. Rg1 a4 33. Ra1 a3 34. Ra2 h5 35. f4 h4 36. Kf3 Kc6 37. Bc1 Bb4 38. Kg2 Kd5 39. Kh3 Be7 40. c3 e5 41. fxe5 g5 42. f3 Rg8 43. Bxa3 g4+ 44. fxg4 fxg4+ 45. Kg2 Ra8 46. Rd2+ Ke6 47. Bxe7 Kxe7 48. b4 Ke6 49. b5 Rc8 50. b6 Rxc3 51. Rb2 Rc8 52. b7 Rb8 53. Rb4 Kf5 54. e6 Kxe6 55. Rxg4 Rxb7 56. Rxh4 Rf7 57. Kg3 Rg7+ 58. Rg4 Rxg4+ 59. Kxg4 1/2-1/2


[Site "https://www.chess.com"]

[Event "Titled Tuesday Blitz September 28 2021"]
[White "Warmerdam, Max"]
[Black "Bendayan Claros, Aaron"]
[WhiteFideId "1048104"]
[BlackFideId "3803392"]
[WhiteElo "2537"]
[BlackElo "2133"]
[Result "1-0"]
[Round "01"]
[TimeControl "180+1"]
[Date "2021.09.28"]
[WhiteClock "0:02:11"]
[BlackClock "0:01:58"]

1. e4 c6 2. d4 d5 3. e5 Bf5 4. Nd2 e6 5. Nb3 Nd7 6. Nf3 Ne7 7. Be2 Nc8 8. O-O Be7 9. a4 O-O 10. a5 a6 11. c4 b6 12. axb6 Qxb6 13. c5 Qb7 14. Re1 Nb8 15. Nfd2 Na7 16. Nf1 Nb5 17. Ne3 Bg6 18. f4 Nd7 19. Bg4 Rae8 20. f5 exf5 21. Nxf5 Bd8 22. Na5 Bxa5 23. Rxa5 Bxf5 24. Bxf5 f6 25. Qh5 1-0


[Site "https://www.chess.com"]

[Event "Titled Tuesday Blitz September 28 2021"]
[White "Xiong, Jeffery"]
[Black "Baches Garcia, Guillermo"]
[WhiteFideId "2047640"]
[BlackFideId "2209764"]
[WhiteElo "2699"]
[BlackElo "2479"]
[Result "1-0"]
[Round "01"]
[TimeControl "180+1"]
[Date "2021.09.28"]
[WhiteClock "0:00:44"]
[BlackClock "0:00:04"]

1. d4 Nf6 2. c4 e6 3. Nc3 Bb4 4. Nf3 d6 5. Qc2 Nbd7 6. a3 Bxc3+ 7. Qxc3 O-O 8. e3 b6 9. Be2 Bb7 10. O-O c5 11. b4 Rc8 12. dxc5 bxc5 13. Bb2 e5 14. Rfd1 Qe7 15. b5 Ne4 16. Qb3 f5 17. a4 Rf6 18. a5 Rg6 19. g3 Ng5 20. Nxg5 Qxg5 21. b6 a6 22. Qc2 Rf8 23. Bf1 Rh6 24. Bg2 Bxg2 25. Kxg2 Qh5 26. h4 f4 27. exf4 exf4 28. Qe4 Qg4 29. Qd5+ Kh8 30. Qg5 f3+ 31. Kg1 Qxg5 32. hxg5 Re6 33. Re1 Ne5 34. Rad1 Kg8 35. Bxe5 dxe5 36. Rd5 e4 37. Rxc5 e3 38. Rxe3 Rd6 39. Rd5 1-0


[Site "https://www.chess.com"]

[Event "Titled Tuesday Blitz September 28 2021"]
[White "Yanchenko, Roman"]
[Black "Sviridova, Vlada"]
[WhiteFideId "4137329"]
[BlackFideId "24109606"]
[WhiteElo "2514"]
[BlackElo "2101"]
[Result "1-0"]
[Round "01"]
[TimeControl "180+1"]
[Date "2021.09.28"]
[WhiteClock "0:00:25"]
[BlackClock "0:00:01"]

1. d4 d5 2. Nf3 Nf6 3. c4 c6 4. Nc3 dxc4 5. Bg5 b5 6. e3 Bb7 7. a4 a6 8. Be2 Nbd7 9. O-O h6 10. Bh4 g5 11. Bg3 Bg7 12. Qb1 O-O 13. b3 b4 14. bxc4 bxc3 15. Qxb7 Qc8 16. Qb3 Ne4 17. Bd3 Nxg3 18. fxg3 e5 19. Bf5 Qc7 20. Qxc3 exd4 21. exd4 Nf6 22. Ne5 c5 23. Rae1 cxd4 24. Qxd4 Rad8 25. Qf2 Ne8 26. Bb1 Bxe5 27. Qf5 Bd4+ 28. Kh1 Nf6 29. Qc2 Rfe8 30. Rd1 Be5 31. Rde1 Bd4 32. Rc1 Be5 33. Rf5 Kf8 34. Rcf1 Re6 35. c5 1-0


[Site "https://www.chess.com"]

[Event "Titled Tuesday Blitz September 28 2021"]
[White "Yeletsky, Ivan"]
[Black "Leve, Nitai"]
[WhiteFideId "24180327"]
[BlackFideId "2006898"]
[WhiteElo "2344"]
[BlackElo "2144"]
[Result "1-0"]
[Round "01"]
[TimeControl "180+1"]
[Date "2021.09.28"]
[WhiteClock "0:00:55"]
[BlackClock "0:00:13"]

1. e4 e6 2. d4 d5 3. e5 c5 4. c3 Qb6 5. Nf3 Bd7 6. a3 cxd4 7. cxd4 Bb5 8. Nc3 Bxf1 9. Kxf1 Nh6 10. Bxh6 gxh6 11. b4 Bg7 12. Na4 Qb5+ 13. Kg1 O-O 14. Nc5 b6 15. Nd3 Nd7 16. Nf4 Rac8 17. h4 f6 18. Nxe6 fxe5 19. Nxg7 Kxg7 20. dxe5 Rf5 21. Nd4 1-0


[Site "https://www.chess.com"]

[Event "Titled Tuesday Blitz September 28 2021"]
[White "Yi, Richard"]
[Black "Terry, Renato"]
[WhiteFideId "2079518"]
[BlackFideId "3803457"]
[WhiteElo "2467"]
[BlackElo "2577"]
[Result "0-1"]
[Round "01"]
[TimeControl "180+1"]
[Date "2021.09.28"]
[WhiteClock "0:00:43"]
[BlackClock "0:02:05"]

1. e4 e6 2. d4 d5 3. Nc3 Nf6 4. e5 Nfd7 5. f4 c5 6. Nf3 Nc6 7. Be3 Be7 8. dxc5 O-O 9. Qd2 Qa5 10. O-O-O Bxc5 11. Bxc5 Nxc5 12. Qe3 Rd8 13. Kb1 a6 14. g4 Na4 15. Nxa4 Qxa4 16. Bd3 Nb4 17. Bxh7+ Kxh7 18. Ng5+ Kg8 19. f5 Qxc2+ 20. Ka1 Qa4 21. Qb3 Qxb3 22. axb3 exf5 23. Rhf1 Nc2+ 0-1


[Site "https://www.chess.com"]